 Dungeon Crawl Stone Soup version 0.20.0-10-g0535bb4 (webtiles) character file.

0 Manul the Ducker (level 1, 0/8 HPs)
             Began as a Spriggan Abyssal Knight on June 4, 2017.
             Was a Follower of Lugonu.
             Succumbed to an orange demon's poison
             ... on level 2 of the Abyss.
             The game lasted 00:01:19 (240 turns).

Manul the Ducker (Spriggan Abyssal Knight)           Turns: 240, Time: 00:01:20

Health: 0/8        AC:  2    Str:  7 (8)  XL:     1   Next: 0%
Magic:  3/3        EV: 18    Int: 10 (13) God:    Lugonu [*.....]
Gold:   14         SH:  0    Dex: 15      Spells: 0/0 levels left

rFire    . . .     SeeInvis +   a - +1 short sword
rCold    . . .     Gourm    .   (shield restricted)
rNeg     . . .     Faith    .   b - +0 robe
rPois    .         Spirit   .   (helmet restricted)
rElec    .         Reflect  .   (no cloak)
rCorr    .         Harm     .   (gloves unavailable)
MR       .....     Rnd*Rage +   (boots unavailable)
Stlth    +.........             (no amulet)
Regen    0.1/turn               (no ring)
MPRegen  0.1/turn               (no ring)

@: lethally poisoned (0 -> -32), very quick
A: unfitting armour, see invisible, [berserk 2], deterioration 1, herbivore 3,
speed 3, [frail 2], slow metabolism 2
a: Depart the Abyss, Renounce Religion


You were on level 2 of the Abyss.
You worshipped Lugonu.
Lugonu was aware of your devotion.
You were not hungry.

You visited 0 branches of the dungeon, and saw 0 of its levels.
You visited the Abyss 1 time.

You collected 14 gold pieces.

Inventory:

Hand Weapons
 a - a +1 short sword (weapon)
 d - a +0 shortbow of freezing
Armour
 b - a +0 robe (worn)
Wands
 e - a wand of acid (0/15)
Comestibles
 c - a bread ration


   Skills:
 + Level 2.4 Fighting
 + Level 2.1 Short Blades
 + Level 3.5 Dodging
 + Level 1.7 Invocations


You couldn't memorise any spells.
You didn't know any spells.

Dungeon Overview and Level Annotations

Branches:
Dungeon (0/15)

Altars:


Innate Abilities, Weirdness & Mutations

You are very small and have problems with some larger weapons.
You are too small for most types of armour.
You have supernaturally acute eyesight. (SInv)
You are a herbivore.
You cover ground extremely quickly.
You need consume almost no food.
Your body sometimes deteriorates upon taking damage.
[You often lose your temper in combat.]
[You are very frail. (-20% HP)]


Message History

The orange demon is almost dead.
Evoking this partially-identified wand wasted a few charges.
The orange demon stings you from afar.
Ouch! That really hurt!
Your body deteriorates!
You feel weakened.
You are lethally poisoned!
The orange demon poisons you!
Evoke which item? (* to show all) (? for menu, Esc to quit)
Aiming: Corrosive Bolt (will waste charges)
Press: ? - help, Shift-Dir - straight line, f/p - orange demon
Aim: an orange demon (almost dead, covered in acid) Nothing appears to happen.
* * * LOW HITPOINT WARNING * * *
You feel sick. The orange demon closely misses you.
Unknown command.
Evoke which item? (* to show all) (? for menu, Esc to quit)
This wand has no charges.
Unknown command.
Unknown command.
You die...

#...
##...##..##
#. .###.... #
#..## ### ##
. #....#[ ...
. ## .##.. .4
.
.....##.#...#
#..#...# # #.
####4###.. #
##@.# ..
#.##...# ...
#.# ##.# ##.
# #. .. .# ..
..


You could see an orange demon.

Vanquished Creatures (others)
  4 starspawn tentacles (Abyss:1)
4 creatures vanquished.

Notes
Turn   | Place    | Note
-------+----------+-------------------------------------------
     0 | Abyss:1  | Manul the Spriggan Abyssal Knight began the quest for the Orb.
     0 | Abyss:1  | Reached XP level 1. HP: 11/11 MP: 3/3
    73 | Abyss:1  | Noticed a tentacled starspawn
    81 | Abyss:1  | Noticed a small abomination
   116 | Abyss:2  | Noticed a neqoxec
   142 | Abyss:2  | Noticed a chaos spawn
   169 | Abyss:2  | Noticed a small abomination
   174 | Abyss:2  | Identified a scroll of acquirement
   191 | Abyss:2  | Noticed a neqoxec
   191 | Abyss:2  | Gained mutation: Your body sometimes deteriorates upon taking damage. [a neqoxec]
   192 | Abyss:2  | Noticed a small abomination
   195 | Abyss:2  | Noticed a storm dragon skeleton
   200 | Abyss:2  | Noticed a wretched star
   217 | Abyss:2  | Noticed a hippogriff
   217 | Abyss:2  | a shapeshifter changed into a hippogriff
   225 | Abyss:2  | Noticed an orange demon
   225 | Abyss:2  | Noticed a small abomination
   240 | Abyss:2  | Succumbed to an orange demon's poison

Action                   || total
-------------------------++-------
Evoke: Wand              ||     3
  Use: Scroll            ||     2
       Potion            ||     1
Dodge: Dodged            ||     2
